Pick #1

Connor Bedard
Pick #2

Leo Carlsson
Pick #3

Adam Fantilli
Pick #4

Matvei Michkov
Pick #5

David Reinbacher
Pick #6

William Smith
Pick #7

Zachary Benson
Pick #8

Ryan Leonard
Pick #9

Gabriel Perreault
Pick #10

Axel Sandin-Pellika
Pick #11

Daniil But
Pick #12

Dalibor Dvorsky
Pick #13

Quentin Musty
Pick #14

Brayden Yager
Pick #15

Dmitry Simashev
Pick #16

Colby Barlow
Pick #17

Andrew Cristall
Pick #18

Easton Cowan
Pick #19

Jacob Fowler
Pick #20

Oliver Moore
Pick #21

Oliver Bonk
Pick #22

Tom Willander
Pick #23

Calum Ritchie
Pick #24

Tanner Molendyk
Pick #25

Gavin Brindley
Pick #26

Nate Danielson
Pick #27

Pick #28

Pick #29

Pick #30

Pick #31

Pick #32

Pick #33

Pick #34

Pick #35

Pick #36

Pick #37

Pick #38

Pick #39

Pick #40

Pick #41

Pick #42

Pick #43

Pick #44

Pick #45

Pick #46

Pick #47

Pick #48

Pick #49

Pick #50

Pick #51

Pick #52

Pick #53

Pick #54

Pick #55

Pick #56

Pick #57

Pick #58

Pick #59

Pick #60

Pick #61

Pick #62

Pick #63

Pick #64

Pick #65

Pick #66

Pick #67

Pick #68

Pick #69

Pick #70

Pick #71

Pick #72

Pick #73

Pick #74

Pick #75

Pick #76

Pick #77

Pick #78

Pick #79

Pick #80

Pick #81

Pick #82

Pick #83

Pick #84

Pick #85

Pick #86

Pick #87

Pick #88

Pick #89

Pick #90

Pick #91

Pick #92

Pick #93

Pick #94

Pick #95

Pick #96

Pick #97

Pick #98

Pick #99

Pick #100

Pick #101

Pick #102

Pick #103

Pick #104

Pick #105

Pick #106

Pick #107

Pick #108

Pick #109

Pick #110

Pick #111

Pick #112

Pick #113

Pick #114

Pick #115

Pick #116

Pick #117

Pick #118

Pick #119

Pick #120

Pick #121

Pick #122

Pick #123

Pick #124

Pick #125

Pick #126

Pick #127

Pick #128

Pick #129

Pick #130

Full Scoreboard »»

Bruins vs Canadiens (R4)

Created - November 15, 2023 at 06:00

Goals
1 2 3 T
Bruins 0 0 0 0
Canadiens 1 0 0 1
Shots
1 2 3 T
Bruins 5 13 13 31
Canadiens 10 9 9 28

GoalsPenalties
1st period
1. Canadiens , Teuvo Teravainen 5 (Alex Goligoski 5, Daniel Sprong 4) at 5:13 (PP)
Anze Kopitar (BOS) for Tripping (Minor) at 3:30
Dmitry Kulikov (BOS) for Holding (Minor) at 13:13
2nd period
No Goal
Ivan Provorov (MTL) for Holding (Minor) at 3:34
Adam Pelech (MTL) for Holding Stick (Minor) at 5:20
Brett Pesce (BOS) for Slashing (Minor) at 8:25
Ivan Provorov (MTL) for Tripping (Minor) at 14:28
3rd period
No Goal
Pierre-Olivier Joseph (MTL) for Slashing (Minor) at 1:20
Goalie Stats
Jake Oettinger (BOS), 27 saves from 28 shots - (0.964), L, 10-5-1, 59:06 minutes
Elvis Merzlikins (MTL), 31 saves from 31 shots - (1.000), W, 3-2-1, 60:00 minutes
3 StarsOfficial
1 - Elvis Merzlikins (MTL)
2 - Jake Oettinger (BOS)
3 - Teuvo Teravainen (MTL)
Referees : Ben O'Quinn and Brandon Schrader
Linesman : Ryan Galloway and Vaughan Rody
Game Note
No Game Note
Finance
Level 1 -- Attendance: 6032 (92.80%) -- Ticket Income $723,840
Level 2 -- Attendance: 5000 (100.00%) -- Ticket Income $425,000
Level 3 -- Attendance: 3175 (90.71%) -- Ticket Income $206,375
Level 4 -- Attendance: 3275 (61.94%) -- Ticket Income $65,500
Luxury Box -- Attendance: 1000 (100.00%) -- Ticket Income $220,000
Game was played at the Bell Centre.
Total Attendance: 18482 (86.82%)
Total Ticket Income: $1,640,715
Other Income: $410,179
Total Income: $2,050,894



Team Name Goals Shots Shots Attemp Shots Blocked PIM HIT PP PK FO%
Bruins 03162106300 / 4 (0%)140%
Canadiens 1285658181 / 3 (33%)060%

Bruins
Player Name POS G A P +/- PIM HIT SHT SB MP PP MP PP SHT PK MP PK SHT FO% FOT
Alex IafalloLW0000002017:160:0003:1700% 1
Anze KopitarC0000226019:433:3720:00043% 28
Brady SkjeiD0000043221:343:1930:4000% 0
Brett PesceD0000200217:100:0001:5500% 0
Bryan RustRW0000050020:484:0600:00050% 2
Cam FowlerD0000016123:323:1922:3800% 0
Charlie CoyleC0000000110:390:0002:30040% 10
Dmitry KulikovD0000221021:134:2401:3400% 0
Jamie OleksiakD0000060312:110:0002:1400% 0
Josh MansonD000002003:480:0000:0000% 0
Kailer YamamotoRW0000001016:180:0000:2300% 1
Nicolas RoyC0000000010:100:0002:24050% 10
T.J. BrodieD0000001120:304:2412:2100% 0
Tom WilsonRW0000072017:363:3720:0000% 1
Trevor ZegrasC0000014019:044:0600:24042% 33
Tyler BertuzziLW0000002012:154:0600:0000% 2
Yegor SharangovichC0000002020:193:3710:0000% 1
Zach PariseLW0000001010:100:0002:2400% 0
Canadiens
Player Name POS G A P +/- PIM HIT SHT SB MP PP MP PP SHT PK MP PK SHT FO% FOT
Adam PelechD0000230023:532:1102:5800% 0
Alex GoligoskiD0110000123:472:1104:5700% 0
Alexander KerfootC0000001016:580:0004:33155% 11
Andrew CoglianoC0000013010:590:0004:3800% 0
Anthony ManthaRW0000002011:570:0000:00050% 2
Brendan GallagherRW000000006:210:0000:000100% 2
Brendan GaunceC000000106:210:0000:00083% 6
Daniel SprongRW0110000017:343:3600:00050% 2
Filip ForsbergLW0000003015:502:0510:000100% 1
Ivan ProvorovD0000412124:373:3012:2500% 0
Lars EllerC0000001114:490:0002:52058% 19
Leon DraisaitlC0000011015:572:0500:00056% 18
Mike ReillyD0000021118:523:3004:0900% 0
Pierre-Olivier JosephD0000230117:340:0000:5600% 0
Ryan O'ReillyC0000043018:273:3600:18062% 26
Teuvo TeravainenLW1010035017:343:3620:0000% 1
Trevor van RiemsdykD0000000011:130:0000:0000% 0
Valeri NichushkinRW0000005019:172:0512:5200% 1



Play-by-Play

1st period


0:01 of 1st period - Leon Draisaitl wins face-off versus Anze Kopitar in neutral zone.
0:01 of 1st period - Filip Forsberg is hit by Bryan Rust and loses puck.
0:06 of 1st period - Cam Fowler is hit by Leon Draisaitl and loses puck.
0:11 of 1st period - Shot by Leon Draisaitl.
0:11 of 1st period - Deflect By Valeri Nichushkin.
0:11 of 1st period - Stopped by Jake Oettinger with a rebound.
0:21 of 1st period - Shot by Filip Forsberg.
0:21 of 1st period - Shot Misses the Net.
0:23 of 1st period - Shot by Valeri Nichushkin.
0:23 of 1st period - Shot Misses the Net.
0:25 of 1st period - Shot by Valeri Nichushkin.
0:25 of 1st period - Deflect By Leon Draisaitl.
0:25 of 1st period - Stopped by Jake Oettinger without a rebound.
0:26 of 1st period - Trevor Zegras wins face-off versus Ryan O'Reilly in Bruins zone.
0:26 of 1st period - Brett Pesce is hit by Ryan O'Reilly and loses puck.
0:32 of 1st period - Brett Pesce is hit by Pierre-Olivier Joseph and loses puck.
0:39 of 1st period - Shot by Tom Wilson.
0:39 of 1st period - Shot Misses the Net.
0:41 of 1st period - Shot by Alex Iafallo.
0:41 of 1st period - Shot Misses the Net.
0:48 of 1st period - Teuvo Teravainen is hit by Tom Wilson and loses puck.
0:57 of 1st period - Shot by Trevor Zegras.
0:57 of 1st period - Stopped by Elvis Merzlikins with a rebound.
0:59 of 1st period - Shot by Alex Iafallo.
0:59 of 1st period - Stopped by Elvis Merzlikins without a rebound.
1:00 of 1st period - Lars Eller wins face-off versus Tyler Bertuzzi in Canadiens zone.
2:03 of 1st period - Icing by T.J. Brodie.
2:04 of 1st period - Charlie Coyle wins face-off versus Leon Draisaitl in Bruins zone.
2:40 of 1st period - Icing by Tyler Bertuzzi.
2:41 of 1st period - Brendan Gallagher wins face-off versus Charlie Coyle in Bruins zone.
3:02 of 1st period - Shot by Andrew Cogliano.
3:02 of 1st period - Stopped by Jake Oettinger with a rebound.
3:04 of 1st period - Shot by Andrew Cogliano.
3:04 of 1st period - Stopped by Jake Oettinger without a rebound.
3:05 of 1st period - Anze Kopitar wins face-off versus Ryan O'Reilly in Bruins zone.
3:11 of 1st period - Off-side.
3:12 of 1st period - Ryan O'Reilly wins face-off versus Anze Kopitar in neutral zone.
3:30 of 1st period - Minor Penalty to Anze Kopitar for Tripping.
3:31 of 1st period - Nicolas Roy wins face-off versus Valeri Nichushkin in Bruins zone.
5:13 of 1st period - Shot by Teuvo Teravainen.
5:13 of 1st period - Goal by Teuvo Teravainen - Bruins : 0 - Canadiens : 1.
5:14 of 1st period - Anze Kopitar wins face-off versus Lars Eller in neutral zone.
5:43 of 1st period - Shot by Anze Kopitar.
5:43 of 1st period - Stopped by Elvis Merzlikins without a rebound.
5:44 of 1st period - Brendan Gaunce wins face-off versus Nicolas Roy in Canadiens zone.
5:59 of 1st period - Shot by Andrew Cogliano.
5:59 of 1st period - Stopped by Jake Oettinger without a rebound.
6:00 of 1st period - Trevor Zegras wins face-off versus Ryan O'Reilly in Bruins zone.
6:00 of 1st period - Trevor Zegras is hit by Ryan O'Reilly.
6:20 of 1st period - Shot by Trevor Zegras.
6:20 of 1st period - Stopped by Elvis Merzlikins without a rebound.
6:21 of 1st period - Anze Kopitar wins face-off versus Leon Draisaitl in Canadiens zone.
6:28 of 1st period - Shot by Anze Kopitar.
6:28 of 1st period - Shot Misses the Net.
6:30 of 1st period - Shot by Brett Pesce.
6:30 of 1st period - Shot Misses the Net.
6:44 of 1st period - Shot by Filip Forsberg.
6:44 of 1st period - Stopped by Jake Oettinger without a rebound.
6:45 of 1st period - Ryan O'Reilly wins face-off versus Trevor Zegras in Bruins zone.
6:54 of 1st period - Shot by Teuvo Teravainen.
6:54 of 1st period - Shot Blocked by Brady Skjei.
6:56 of 1st period - Shot by Ryan O'Reilly.
6:56 of 1st period - Stopped by Jake Oettinger without a rebound.
6:57 of 1st period - Anze Kopitar wins face-off versus Leon Draisaitl in Bruins zone.
7:01 of 1st period - Off-side.
7:02 of 1st period - Leon Draisaitl wins face-off versus Trevor Zegras in neutral zone.
7:08 of 1st period - Valeri Nichushkin is hit by Cam Fowler and loses puck.
7:12 of 1st period - Icing by Cam Fowler.
7:13 of 1st period - Ryan O'Reilly wins face-off versus Trevor Zegras in Bruins zone.
9:19 of 1st period - Icing by Alexander Kerfoot.
9:20 of 1st period - Lars Eller wins face-off versus Trevor Zegras in Canadiens zone.
9:49 of 1st period - Off-side.
9:50 of 1st period - Nicolas Roy wins face-off versus Brendan Gaunce in neutral zone.
9:57 of 1st period - Shot by Nicolas Roy.
9:57 of 1st period - Shot Misses the Net.
9:59 of 1st period - Shot by Kailer Yamamoto.
9:59 of 1st period - Shot Misses the Net.
10:14 of 1st period - Nicolas Roy is hit by Ivan Provorov and loses puck.
10:31 of 1st period - Shot by Kailer Yamamoto.
10:31 of 1st period - Stopped by Elvis Merzlikins without a rebound.
10:32 of 1st period - Ryan O'Reilly wins face-off versus Anze Kopitar in Canadiens zone.
10:32 of 1st period - Teuvo Teravainen is hit by Bryan Rust and loses puck.
11:01 of 1st period - Ryan O'Reilly is hit by Dmitry Kulikov and loses puck.
12:18 of 1st period - Shot by Filip Forsberg.
12:18 of 1st period - Shot Blocked by T.J. Brodie.
13:13 of 1st period - Minor Penalty to Dmitry Kulikov for Holding.
13:14 of 1st period - Ryan O'Reilly wins face-off versus Nicolas Roy in Bruins zone.
13:21 of 1st period - Shot by Adam Pelech.
13:21 of 1st period - Shot Blocked by Brett Pesce.
13:23 of 1st period - Shot by Teuvo Teravainen.
13:23 of 1st period - Stopped by Jake Oettinger without a rebound.
13:24 of 1st period - Leon Draisaitl wins face-off versus Charlie Coyle in Bruins zone.
16:07 of 1st period - Icing by Brett Pesce.
16:08 of 1st period - Leon Draisaitl wins face-off versus Bryan Rust in Bruins zone.
16:45 of 1st period - Shot by Valeri Nichushkin.
16:45 of 1st period - Shot Misses the Net.
17:31 of 1st period - Shot by Brendan Gaunce.
17:31 of 1st period - Stopped by Jake Oettinger without a rebound.
17:32 of 1st period - Daniel Sprong wins face-off versus Charlie Coyle in Bruins zone.
17:55 of 1st period - Icing by Mike Reilly.
17:56 of 1st period - Nicolas Roy wins face-off versus Ryan O'Reilly in Canadiens zone.
18:22 of 1st period - Daniel Sprong is hit by Josh Manson.
18:34 of 1st period - Shot by Nicolas Roy.
18:34 of 1st period - Deflect By Zach Parise.
18:34 of 1st period - Shot Misses the Net.
19:05 of 1st period - Filip Forsberg is hit by Josh Manson and loses puck.
19:38 of 1st period - Shot by Lars Eller.
19:38 of 1st period - Shot Blocked by Brady Skjei.
19:40 of 1st period - Shot by Anthony Mantha.
19:40 of 1st period - Shot Misses the Net.
19:42 of 1st period - Shot by Alexander Kerfoot.
19:42 of 1st period - Shot Misses the Net.
19:49 of 1st period - Shot by Lars Eller.
19:49 of 1st period - Shot Blocked by Cam Fowler.
19:56 of 1st period - Icing by Alex Iafallo.
19:57 of 1st period - Ryan O'Reilly wins face-off versus Trevor Zegras in Bruins zone.
Goals for this period are 0 for Bruins vs 1 for Canadiens.
Shots for this period are 5 for Bruins vs 10 for Canadiens.

2nd period


0:01 of 2nd period - Anze Kopitar wins face-off versus Ryan O'Reilly in neutral zone.
0:01 of 2nd period - Cam Fowler is hit by Teuvo Teravainen and loses puck.
0:15 of 2nd period - Icing by Cam Fowler.
0:16 of 2nd period - Brendan Gaunce wins face-off versus Anze Kopitar in Bruins zone.
0:27 of 2nd period - Brendan Gallagher is hit by Bryan Rust and loses puck.
0:36 of 2nd period - Shot by Anze Kopitar.
0:36 of 2nd period - Shot Misses the Net.
0:38 of 2nd period - Shot by Anze Kopitar.
0:38 of 2nd period - Stopped by Elvis Merzlikins without a rebound.
0:39 of 2nd period - Ryan O'Reilly wins face-off versus Trevor Zegras in Canadiens zone.
0:39 of 2nd period - Teuvo Teravainen is hit by Tom Wilson and loses puck.
0:45 of 2nd period - Icing by Daniel Sprong.
0:46 of 2nd period - Trevor Zegras wins face-off versus Ryan O'Reilly in Canadiens zone.
1:12 of 2nd period - Teuvo Teravainen is hit by Tom Wilson and loses puck.
1:16 of 2nd period - Icing by Ryan O'Reilly.
1:17 of 2nd period - Ryan O'Reilly wins face-off versus Anze Kopitar in Canadiens zone.
1:32 of 2nd period - Shot by Teuvo Teravainen.
1:32 of 2nd period - Stopped by Jake Oettinger without a rebound.
1:33 of 2nd period - Filip Forsberg wins face-off versus Charlie Coyle in Bruins zone.
1:34 of 2nd period - Shot by Valeri Nichushkin.
1:34 of 2nd period - Shot Blocked by Jamie Oleksiak.
1:55 of 2nd period - Shot by Valeri Nichushkin.
1:55 of 2nd period - Stopped by Jake Oettinger without a rebound.
1:56 of 2nd period - Lars Eller wins face-off versus Anze Kopitar in Bruins zone.
1:57 of 2nd period - Shot by Alexander Kerfoot.
1:57 of 2nd period - Deflect By Anthony Mantha.
1:57 of 2nd period - Stopped by Jake Oettinger without a rebound.
1:58 of 2nd period - Anze Kopitar wins face-off versus Anthony Mantha in Bruins zone.
2:13 of 2nd period - Shot by Anthony Mantha.
2:13 of 2nd period - Stopped by Jake Oettinger without a rebound.
2:14 of 2nd period - Leon Draisaitl wins face-off versus Trevor Zegras in Bruins zone.
2:16 of 2nd period - Valeri Nichushkin is hit by Dmitry Kulikov and loses puck.
2:44 of 2nd period - Off-side.
2:45 of 2nd period - Anze Kopitar wins face-off versus Lars Eller in neutral zone.
2:48 of 2nd period - Shot by Bryan Rust.
2:48 of 2nd period - Shot Misses the Net.
3:19 of 2nd period - Shot by Anze Kopitar.
3:19 of 2nd period - Stopped by Elvis Merzlikins without a rebound.
3:20 of 2nd period - Trevor Zegras wins face-off versus Ryan O'Reilly in Canadiens zone.
3:34 of 2nd period - Minor Penalty to Ivan Provorov for Holding.
3:35 of 2nd period - Trevor Zegras wins face-off versus Alexander Kerfoot in Canadiens zone.
4:01 of 2nd period - Shot by Tyler Bertuzzi.
4:01 of 2nd period - Shot Misses the Net.
4:16 of 2nd period - Icing by Trevor Zegras.
4:17 of 2nd period - Alexander Kerfoot wins face-off versus Tyler Bertuzzi in Bruins zone.
4:24 of 2nd period - Trevor Zegras is hit by Andrew Cogliano and loses puck.
4:53 of 2nd period - Shot by Tom Wilson.
4:53 of 2nd period - Stopped by Elvis Merzlikins without a rebound.
4:54 of 2nd period - Anze Kopitar wins face-off versus Lars Eller in Canadiens zone.
4:57 of 2nd period - Shot by Yegor Sharangovich.
4:57 of 2nd period - Shot Misses the Net.
5:01 of 2nd period - Shot by Brady Skjei.
5:01 of 2nd period - Stopped by Elvis Merzlikins with a rebound.
5:20 of 2nd period - Minor Penalty to Adam Pelech for Holding Stick.
5:21 of 2nd period - Alexander Kerfoot wins face-off versus Trevor Zegras in Canadiens zone.
5:27 of 2nd period - Icing by T.J. Brodie.
5:28 of 2nd period - Trevor Zegras wins face-off versus Alexander Kerfoot in Bruins zone.
6:00 of 2nd period - Alex Goligoski is hit by Trevor Zegras and loses puck.
6:17 of 2nd period - Shot by Cam Fowler.
6:17 of 2nd period - Stopped by Elvis Merzlikins without a rebound.
6:18 of 2nd period - Alexander Kerfoot wins face-off versus Tom Wilson in Canadiens zone.
6:18 of 2nd period - Andrew Cogliano is hit by Tom Wilson and loses puck.
6:35 of 2nd period - Shot by Tom Wilson.
6:35 of 2nd period - Stopped by Elvis Merzlikins without a rebound.
6:36 of 2nd period - Lars Eller wins face-off versus Anze Kopitar in Canadiens zone.
6:45 of 2nd period - Shot by Brady Skjei.
6:45 of 2nd period - Stopped by Elvis Merzlikins with a rebound.
6:47 of 2nd period - Shot by Anze Kopitar.
6:47 of 2nd period - Shot Blocked by Alex Goligoski.
6:49 of 2nd period - Shot by Cam Fowler.
6:49 of 2nd period - Shot Misses the Net.
6:51 of 2nd period - Shot by Anze Kopitar.
6:51 of 2nd period - Stopped by Elvis Merzlikins without a rebound.
6:52 of 2nd period - Alexander Kerfoot wins face-off versus Trevor Zegras in Canadiens zone.
7:35 of 2nd period - Shot by Teuvo Teravainen.
7:35 of 2nd period - Deflect By Daniel Sprong.
7:35 of 2nd period - Shot Misses the Net.
7:47 of 2nd period - Shot by Kailer Yamamoto.
7:47 of 2nd period - Shot Blocked by Mike Reilly.
7:49 of 2nd period - Shot by Zach Parise.
7:49 of 2nd period - Stopped by Elvis Merzlikins without a rebound.
7:50 of 2nd period - Leon Draisaitl wins face-off versus Trevor Zegras in Canadiens zone.
7:50 of 2nd period - Leon Draisaitl is hit by Tom Wilson.
7:57 of 2nd period - Valeri Nichushkin is hit by Jamie Oleksiak and loses puck.
8:20 of 2nd period - Shot by Leon Draisaitl.
8:20 of 2nd period - Shot Misses the Net.
8:22 of 2nd period - Shot by Valeri Nichushkin.
8:22 of 2nd period - Stopped by Jake Oettinger without a rebound.
8:23 of 2nd period - Anthony Mantha wins face-off versus Anze Kopitar in Bruins zone.
8:25 of 2nd period - Minor Penalty to Brett Pesce for Slashing.
8:26 of 2nd period - Charlie Coyle wins face-off versus Ryan O'Reilly in Bruins zone.
8:47 of 2nd period - Shot by Ivan Provorov.
8:47 of 2nd period - Stopped by Jake Oettinger without a rebound.
8:48 of 2nd period - Leon Draisaitl wins face-off versus Nicolas Roy in Bruins zone.
8:51 of 2nd period - Shot by Valeri Nichushkin.
8:51 of 2nd period - Stopped by Jake Oettinger with a rebound.
8:53 of 2nd period - Shot by Leon Draisaitl.
8:53 of 2nd period - Shot Misses the Net.
8:55 of 2nd period - Shot by Valeri Nichushkin.
8:55 of 2nd period - Shot Misses the Net.
8:57 of 2nd period - Shot by Filip Forsberg.
8:57 of 2nd period - Shot Blocked by Jamie Oleksiak.
8:59 of 2nd period - Shot by Filip Forsberg.
8:59 of 2nd period - Stopped by Jake Oettinger without a rebound.
9:00 of 2nd period - Ryan O'Reilly wins face-off versus Alex Iafallo in Bruins zone.
9:01 of 2nd period - Shot by Mike Reilly.
9:01 of 2nd period - Shot Blocked by Charlie Coyle.
9:03 of 2nd period - Shot by Ivan Provorov.
9:03 of 2nd period - Shot Misses the Net.
10:14 of 2nd period - Charlie Coyle is hit by Ryan O'Reilly and loses puck.
10:26 of 2nd period - Icing by Alex Goligoski.
10:27 of 2nd period - Anze Kopitar wins face-off versus Lars Eller in Canadiens zone.
10:36 of 2nd period - Shot by Anze Kopitar.
10:36 of 2nd period - Shot Misses the Net.
10:38 of 2nd period - Shot by Anze Kopitar.
10:38 of 2nd period - Stopped by Elvis Merzlikins without a rebound.
10:39 of 2nd period - Nicolas Roy wins face-off versus Leon Draisaitl in Canadiens zone.
11:38 of 2nd period - Shot by Anthony Mantha.
11:38 of 2nd period - Shot Hit the Post.
11:45 of 2nd period - Icing by Brady Skjei.
11:46 of 2nd period - Brendan Gaunce wins face-off versus Nicolas Roy in Bruins zone.
12:49 of 2nd period - Icing by Brendan Gaunce.
12:50 of 2nd period - Brendan Gallagher wins face-off versus Trevor Zegras in Canadiens zone.
13:15 of 2nd period - Trevor Zegras is hit by Adam Pelech and loses puck.
14:28 of 2nd period - Minor Penalty to Ivan Provorov for Tripping.
14:29 of 2nd period - Anze Kopitar wins face-off versus Alexander Kerfoot in Canadiens zone.
15:08 of 2nd period - Shot by Alexander Kerfoot.
15:08 of 2nd period - Stopped by Jake Oettinger without a rebound.
15:09 of 2nd period - Trevor Zegras wins face-off versus Lars Eller in Bruins zone.
15:24 of 2nd period - Shot by Cam Fowler.
15:24 of 2nd period - Stopped by Elvis Merzlikins without a rebound.
15:25 of 2nd period - Alexander Kerfoot wins face-off versus Trevor Zegras in Canadiens zone.
15:58 of 2nd period - Shot by Brady Skjei.
15:58 of 2nd period - Stopped by Elvis Merzlikins without a rebound.
15:59 of 2nd period - Lars Eller wins face-off versus Anze Kopitar in Canadiens zone.
15:59 of 2nd period - Lars Eller is hit by Tom Wilson.
16:23 of 2nd period - Shot by Anze Kopitar.
16:23 of 2nd period - Stopped by Elvis Merzlikins without a rebound.
16:24 of 2nd period - Trevor Zegras wins face-off versus Alexander Kerfoot in Canadiens zone.
17:46 of 2nd period - Icing by Ivan Provorov.
17:47 of 2nd period - Ryan O'Reilly wins face-off versus Trevor Zegras in Canadiens zone.
18:09 of 2nd period - Filip Forsberg is hit by Jamie Oleksiak and loses puck.
18:13 of 2nd period - Icing by Trevor Zegras.
18:14 of 2nd period - Alexander Kerfoot wins face-off versus Trevor Zegras in Bruins zone.
18:16 of 2nd period - Anthony Mantha is hit by Jamie Oleksiak and loses puck.
18:50 of 2nd period - Icing by Trevor van Riemsdyk.
18:51 of 2nd period - Anze Kopitar wins face-off versus Lars Eller in Canadiens zone.
18:54 of 2nd period - Shot by Bryan Rust.
18:54 of 2nd period - Shot Misses the Net.
19:40 of 2nd period - Off-side.
19:41 of 2nd period - Leon Draisaitl wins face-off versus Charlie Coyle in neutral zone.
19:59 of 2nd period - Leon Draisaitl is hit by Brady Skjei and loses puck.
Goals for this period are 0 for Bruins vs 0 for Canadiens.
Shots for this period are 13 for Bruins vs 9 for Canadiens.

3rd period


0:01 of 3rd period - Leon Draisaitl wins face-off versus Anze Kopitar in neutral zone.
0:26 of 3rd period - Shot by Anze Kopitar.
0:26 of 3rd period - Shot Misses the Net.
0:28 of 3rd period - Shot by Cam Fowler.
0:28 of 3rd period - Stopped by Elvis Merzlikins without a rebound.
0:29 of 3rd period - Lars Eller wins face-off versus Trevor Zegras in Canadiens zone.
0:42 of 3rd period - Shot by Trevor Zegras.
0:42 of 3rd period - Shot Misses the Net.
0:46 of 3rd period - Shot by Trevor Zegras.
0:46 of 3rd period - Shot Blocked by Ivan Provorov.
1:02 of 3rd period - Shot by Trevor Zegras.
1:02 of 3rd period - Stopped by Elvis Merzlikins without a rebound.
1:03 of 3rd period - Bryan Rust wins face-off versus Leon Draisaitl in Canadiens zone.
1:14 of 3rd period - Shot by Cam Fowler.
1:14 of 3rd period - Stopped by Elvis Merzlikins without a rebound.
1:15 of 3rd period - Charlie Coyle wins face-off versus Daniel Sprong in Canadiens zone.
1:19 of 3rd period - Kailer Yamamoto is hit by Pierre-Olivier Joseph and loses puck.
1:20 of 3rd period - Minor Penalty to Pierre-Olivier Joseph for Slashing.
1:21 of 3rd period - Trevor Zegras wins face-off versus Alexander Kerfoot in Canadiens zone.
1:22 of 3rd period - Shot by Cam Fowler.
1:22 of 3rd period - Deflect By Trevor Zegras.
1:22 of 3rd period - Shot Misses the Net.
1:53 of 3rd period - Shot by Brady Skjei.
1:53 of 3rd period - Shot Misses the Net.
2:32 of 3rd period - Shot by Yegor Sharangovich.
2:32 of 3rd period - Stopped by Elvis Merzlikins with a rebound.
2:34 of 3rd period - Shot by Anze Kopitar.
2:34 of 3rd period - Shot Misses the Net.
2:40 of 3rd period - Shot by Anze Kopitar.
2:40 of 3rd period - Shot Misses the Net.
2:42 of 3rd period - Shot by T.J. Brodie.
2:42 of 3rd period - Stopped by Elvis Merzlikins without a rebound.
2:43 of 3rd period - Lars Eller wins face-off versus Anze Kopitar in Canadiens zone.
2:48 of 3rd period - Shot by Yegor Sharangovich.
2:48 of 3rd period - Shot Misses the Net.
4:19 of 3rd period - Andrew Cogliano is hit by Tom Wilson and loses puck.
4:45 of 3rd period - Brendan Gaunce is hit by Jamie Oleksiak and loses puck.
5:09 of 3rd period - Bryan Rust is hit by Pierre-Olivier Joseph and loses puck.
5:17 of 3rd period - Shot by Valeri Nichushkin.
5:17 of 3rd period - Stopped by Jake Oettinger without a rebound.
5:18 of 3rd period - Charlie Coyle wins face-off versus Lars Eller in Bruins zone.
5:25 of 3rd period - Shot by Charlie Coyle.
5:25 of 3rd period - Deflect By Tyler Bertuzzi.
5:25 of 3rd period - Shot Blocked by Pierre-Olivier Joseph.
5:27 of 3rd period - Shot by Kailer Yamamoto.
5:27 of 3rd period - Shot Misses the Net.
5:29 of 3rd period - Shot by Cam Fowler.
5:29 of 3rd period - Stopped by Elvis Merzlikins with a rebound.
5:31 of 3rd period - Shot by Charlie Coyle.
5:31 of 3rd period - Shot Misses the Net.
5:33 of 3rd period - Shot by Charlie Coyle.
5:33 of 3rd period - Shot Blocked by Lars Eller.
5:35 of 3rd period - Shot by Cam Fowler.
5:35 of 3rd period - Shot Misses the Net.
5:42 of 3rd period - Icing by Anthony Mantha.
5:43 of 3rd period - Trevor Zegras wins face-off versus Lars Eller in Canadiens zone.
5:44 of 3rd period - Shot by Alex Iafallo.
5:44 of 3rd period - Stopped by Elvis Merzlikins without a rebound.
5:45 of 3rd period - Nicolas Roy wins face-off versus Leon Draisaitl in Canadiens zone.
6:00 of 3rd period - Shot by Filip Forsberg.
6:00 of 3rd period - Deflect By Leon Draisaitl.
6:00 of 3rd period - Shot Misses the Net.
6:02 of 3rd period - Shot by Valeri Nichushkin.
6:02 of 3rd period - Shot Misses the Net.
6:24 of 3rd period - Shot by Filip Forsberg.
6:24 of 3rd period - Stopped by Jake Oettinger without a rebound.
6:25 of 3rd period - Lars Eller wins face-off versus Anze Kopitar in Bruins zone.
7:00 of 3rd period - Icing by Dmitry Kulikov.
7:01 of 3rd period - Ryan O'Reilly wins face-off versus Yegor Sharangovich in Bruins zone.
7:08 of 3rd period - Shot by Teuvo Teravainen.
7:08 of 3rd period - Stopped by Jake Oettinger without a rebound.
7:09 of 3rd period - Leon Draisaitl wins face-off versus Trevor Zegras in Bruins zone.
7:20 of 3rd period - Shot by Valeri Nichushkin.
7:20 of 3rd period - Shot Misses the Net.
7:23 of 3rd period - Icing by Cam Fowler.
7:24 of 3rd period - Trevor Zegras wins face-off versus Ryan O'Reilly in Bruins zone.
7:32 of 3rd period - Off-side.
7:33 of 3rd period - Anze Kopitar wins face-off versus Leon Draisaitl in neutral zone.
8:14 of 3rd period - Shot by Yegor Sharangovich.
8:14 of 3rd period - Stopped by Elvis Merzlikins without a rebound.
8:15 of 3rd period - Ryan O'Reilly wins face-off versus Kailer Yamamoto in Canadiens zone.
9:08 of 3rd period - Icing by Ivan Provorov.
9:09 of 3rd period - Ryan O'Reilly wins face-off versus Anze Kopitar in Canadiens zone.
10:15 of 3rd period - Anthony Mantha is hit by Jamie Oleksiak and loses puck.
10:22 of 3rd period - Shot by Alexander Kerfoot.
10:22 of 3rd period - Shot Blocked by Jamie Oleksiak.
10:24 of 3rd period - Shot by Mike Reilly.
10:24 of 3rd period - Stopped by Jake Oettinger without a rebound.
10:25 of 3rd period - Brendan Gaunce wins face-off versus Charlie Coyle in Bruins zone.
10:25 of 3rd period - Ivan Provorov is hit by Brady Skjei and loses puck.
10:38 of 3rd period - Shot by Ivan Provorov.
10:38 of 3rd period - Stopped by Jake Oettinger without a rebound.
10:39 of 3rd period - Lars Eller wins face-off versus Trevor Zegras in Bruins zone.
10:48 of 3rd period - Shot by Lars Eller.
10:48 of 3rd period - Stopped by Jake Oettinger without a rebound.
10:49 of 3rd period - Ryan O'Reilly wins face-off versus Anze Kopitar in Bruins zone.
11:02 of 3rd period - Shot by Ryan O'Reilly.
11:02 of 3rd period - Stopped by Jake Oettinger without a rebound.
11:03 of 3rd period - Trevor Zegras wins face-off versus Leon Draisaitl in Bruins zone.
11:22 of 3rd period - Shot by Alex Iafallo.
11:22 of 3rd period - Deflect By Trevor Zegras.
11:22 of 3rd period - Stopped by Elvis Merzlikins without a rebound.
11:23 of 3rd period - Lars Eller wins face-off versus Anze Kopitar in Canadiens zone.
11:41 of 3rd period - Bryan Rust is hit by Adam Pelech and loses puck.
11:49 of 3rd period - Alexander Kerfoot is hit by Anze Kopitar and loses puck.
12:00 of 3rd period - Ivan Provorov is hit by Bryan Rust and loses puck.
12:15 of 3rd period - Alexander Kerfoot is hit by Anze Kopitar and loses puck.
13:01 of 3rd period - Shot by Filip Forsberg.
13:01 of 3rd period - Shot Misses the Net.
13:20 of 3rd period - Shot by Filip Forsberg.
13:20 of 3rd period - Deflect By Leon Draisaitl.
13:20 of 3rd period - Shot Blocked by Brett Pesce.
13:27 of 3rd period - Icing by Tom Wilson.
13:28 of 3rd period - Trevor Zegras wins face-off versus Teuvo Teravainen in Bruins zone.
13:28 of 3rd period - Trevor Zegras is hit by Teuvo Teravainen.
13:41 of 3rd period - Ryan O'Reilly is hit by Jamie Oleksiak and loses puck.
13:46 of 3rd period - Shot by Ryan O'Reilly.
13:46 of 3rd period - Shot Misses the Net.
13:48 of 3rd period - Shot by Ryan O'Reilly.
13:48 of 3rd period - Stopped by Jake Oettinger with a rebound.
14:00 of 3rd period - Shot by Teuvo Teravainen.
14:00 of 3rd period - Stopped by Jake Oettinger without a rebound.
14:01 of 3rd period - Brendan Gaunce wins face-off versus Anze Kopitar in Bruins zone.
14:01 of 3rd period - Adam Pelech is hit by Brady Skjei and loses puck.
14:21 of 3rd period - Brendan Gallagher is hit by Brady Skjei and loses puck.
14:52 of 3rd period - Pierre-Olivier Joseph is hit by Bryan Rust and loses puck.
15:36 of 3rd period - Shot by Tyler Bertuzzi.
15:36 of 3rd period - Stopped by Elvis Merzlikins without a rebound.
15:37 of 3rd period - Ryan O'Reilly wins face-off versus Trevor Zegras in Canadiens zone.
15:46 of 3rd period - Dmitry Kulikov is hit by Teuvo Teravainen.
15:49 of 3rd period - Tom Wilson is hit by Ryan O'Reilly.
15:52 of 3rd period - Trevor Zegras is hit by Mike Reilly and loses puck.
15:55 of 3rd period - Shot by Dmitry Kulikov.
15:55 of 3rd period - Stopped by Elvis Merzlikins without a rebound.
15:56 of 3rd period - Lars Eller wins face-off versus Nicolas Roy in Canadiens zone.
16:57 of 3rd period - Shot by Tom Wilson.
16:57 of 3rd period - Shot Misses the Net.
16:59 of 3rd period - Shot by Brady Skjei.
16:59 of 3rd period - Deflect By Trevor Zegras.
16:59 of 3rd period - Shot Misses the Net.
17:11 of 3rd period - Trevor Zegras is hit by Adam Pelech and loses puck.
17:58 of 3rd period - Shot by Ryan O'Reilly.
17:58 of 3rd period - Shot Misses the Net.
18:00 of 3rd period - Shot by Alex Goligoski.
18:00 of 3rd period - Shot Misses the Net.
19:06 of 3rd period - Bruins, Jake Oettinger is pulled from the net.
19:21 of 3rd period - Charlie Coyle is hit by Mike Reilly and loses puck.
19:24 of 3rd period - Shot by Tyler Bertuzzi.
19:24 of 3rd period - Stopped by Elvis Merzlikins without a rebound.
19:25 of 3rd period - Trevor Zegras wins face-off versus Ryan O'Reilly in Canadiens zone.
19:52 of 3rd period - Shot by Cam Fowler.
19:52 of 3rd period - Stopped by Elvis Merzlikins without a rebound.
19:53 of 3rd period - Ryan O'Reilly wins face-off versus Trevor Zegras in Canadiens zone.
Goals for this period are 0 for Bruins vs 0 for Canadiens.
Shots for this period are 13 for Bruins vs 9 for Canadiens.